General information
- name: BNet
- type: Ladder team game (AT/RT)
- host: Battle.net
- saver: SKILLFULLY-DONE
map: DragonFalls
- players: 8
- length: 41:02
- speed: Fast
- version: 1.26 W3XP
- replay type: Public
» download(192 KB)
Players
team 1 (loser)
Lionheart (
yellow | 49 APM | 1997 actions | 41:01)
10 Blademaster
3 Wind Walk
3 Critical Strike
1 Bladestorm
3 Mirror Image
» actions
| Assign group hotkey | 103 | |
| Basic commands | 85 | |
| Build / train | 81 | |
| Enter build submenu | 57 | |
| Enter hero's abilities submenu | 10 | |
| Give item / drop item | 13 | |
| Remove unit from queue | 2 | |
| Right click | 817 | |
| Select / deselect | 363 | |
| Select group hotkey | 273 | |
| Use ability | 193 | |
1997 total
» units
| Peon | 8 | |
| Grunt | 3 | |
| Goblin Shredder | 3 | |
| Troll Batrider | 4 | |
| Goblin Zeppelin | 1 | |
| Goblin Sapper | 4 | |
| Green Dragon | 3 | |
26 total
» upgrades
| Reinforced Defenses | 1 | |
| Liquid Fire | 1 | |
| Ranged Weapons | 2 | |
| Armor | 2 | |
| Troll Regeneration | 1 | |
7 total
» buildings
| Orc Burrow | 5 | |
| Altar of Storms | 1 | |
| Barracks | 1 | |
| Voodoo Lounge | 2 | |
| Stronghold | 1 | |
| War Mill | 2 | |
| Great Hall | 3 | |
| Watch Tower | 40 | |
| Fortress | 1 | |
| Beastiary | 2 | |
58 total
» build order
00:13 Orc Burrow
00:51 Altar of Storms
00:52 Barracks
01:08 Orc Burrow
01:58 Voodoo Lounge
02:51 Stronghold
03:52 War Mill
04:28 Great Hall
04:44 Orc Burrow
06:01 Watch Tower
06:02 Watch Tower
06:02 Watch Tower
06:08 Watch Tower
07:28 Watch Tower
07:30 Watch Tower
07:34 War Mill
07:36 Watch Tower
08:07 Watch Tower
08:36 Watch Tower
08:38 Watch Tower
08:40 Watch Tower
08:47 Fortress
09:25 Beastiary
09:28 Beastiary
09:48 Watch Tower
09:52 Watch Tower
09:54 Watch Tower
11:25 Watch Tower
11:28 Orc Burrow
11:33 Watch Tower
12:12 Voodoo Lounge
22:38 Watch Tower
22:38 Watch Tower
24:00 Watch Tower
24:00 Watch Tower
24:01 Watch Tower
24:01 Watch Tower
24:45 Watch Tower
24:46 Watch Tower
26:39 Watch Tower
26:39 Watch Tower
26:39 Watch Tower
26:40 Watch Tower
28:36 Watch Tower
28:39 Watch Tower
28:41 Watch Tower
28:43 Watch Tower
28:45 Watch Tower
30:47 Watch Tower
30:47 Watch Tower
30:48 Watch Tower
30:49 Watch Tower
30:50 Watch Tower
30:50 Watch Tower
33:46 Watch Tower
35:25 Orc Burrow
37:27 Great Hall
37:32 Great Hall
» items
| Healing Salve | 7 | |
| Boots of Speed | 1 | |
| Circlet of Nobility | 1 | |
| Orb of Lightning | 1 | |
| Potion of Mana | 7 | |
| Lesser Clarity Potion | 6 | |
| Scroll of Town Portal | 3 | |
| Potion of Healing | 5 | |
| Potion of Lesser Invulnerability | 1 | |
| Periapt of Vitality | 1 | |
33 total
Heat3Peat (
purple | 25 APM | 513 actions | 20:07)
4 Archmage
1 Summon Water Elemental
2 Blizzard
1 Brilliance Aura
» actions
| Assign group hotkey | 16 | |
| Basic commands | 11 | |
| Build / train | 51 | |
| ESC pressed | 1 | |
| Enter build submenu | 33 | |
| Enter hero's abilities submenu | 4 | |
| Remove unit from queue | 3 | |
| Right click | 99 | |
| Select / deselect | 156 | |
| Select group hotkey | 81 | |
| Use ability | 58 | |
513 total
» units
| Peasant | 17 | |
| Footman | 5 | |
| Dragonhawk Rider | 5 | |
27 total
» upgrades
» buildings
| Farm | 10 | |
| Altar of Kings | 1 | |
| Barracks | 1 | |
| Lumber Mill | 2 | |
| Scout Tower | 16 | |
| Arcane Tower | 4 | |
| Guard Tower | 7 | |
| Keep | 1 | |
| Town Hall | 2 | |
| Castle | 1 | |
| Gryphon Aviary | 4 | |
| Graveyard | 1 | |
| Necropolis | 1 | |
| Arcane Vault | 1 | |
| Spirit Tower | 3 | |
55 total
» build order
00:58 Farm
00:59 Farm
01:01 Farm
01:10 Altar of Kings
01:27 Barracks
01:40 Lumber Mill
01:56 Lumber Mill
02:36 Farm
02:50 Scout Tower
02:55 Scout Tower
02:58 Scout Tower
03:00 Scout Tower
03:20 Arcane Tower
03:41 Arcane Tower
04:21 Guard Tower
04:31 Farm
04:40 Guard Tower
05:12 Farm
05:35 Keep
07:40 Town Hall
07:48 Scout Tower
07:51 Scout Tower
07:54 Scout Tower
07:55 Scout Tower
08:04 Castle
08:42 Guard Tower
08:45 Guard Tower
09:10 Gryphon Aviary
09:11 Gryphon Aviary
09:22 Guard Tower
10:02 Guard Tower
10:09 Gryphon Aviary
10:10 Gryphon Aviary
10:47 Graveyard
10:58 Necropolis
11:18 Arcane Vault
12:22 Spirit Tower
12:44 Farm
12:45 Farm
12:51 Spirit Tower
13:11 Spirit Tower
14:06 Town Hall
14:08 Scout Tower
14:11 Scout Tower
14:13 Scout Tower
14:16 Scout Tower
14:21 Scout Tower
14:22 Scout Tower
14:23 Scout Tower
14:25 Scout Tower
14:32 Farm
14:34 Farm
16:30 Arcane Tower
16:34 Arcane Tower
16:37 Guard Tower
frankland (
blue | 26 APM | 537 actions | 20:35)
3 Mountain King
2 Storm Bolt
1 Bash
1 Crypt Lord
1 Spiked Carapace
» actions
| Build / train | 50 | |
| Enter build submenu | 23 | |
| Enter hero's abilities submenu | 4 | |
| Right click | 208 | |
| Select / deselect | 223 | |
| Use ability | 29 | |
537 total
» units
| Peasant | 10 | |
| Footman | 1 | |
| Rifleman | 9 | |
| Ghoul | 7 | |
| Siege Engine | 5 | |
32 total
» upgrades
| Gunpowder | 3 | |
| Long Rifles | 1 | |
| Armor | 1 | |
| Plating | 2 | |
| Barrage | 1 | |
8 total
» buildings
| Altar of Kings | 2 | |
| Farm | 9 | |
| Scout Tower | 4 | |
| Blacksmith | 1 | |
| Arcane Tower | 1 | |
| Lumber Mill | 1 | |
| Barracks | 1 | |
| Arcane Vault | 1 | |
| Keep | 1 | |
| Guard Tower | 2 | |
| Workshop | 3 | |
| Castle | 1 | |
27 total
» build order
00:13 Altar of Kings
00:25 Farm
00:42 Scout Tower
01:12 Farm
01:27 Blacksmith
01:54 Arcane Tower
02:03 Lumber Mill
02:33 Barracks
02:45 Arcane Vault
03:55 Scout Tower
04:04 Farm
04:28 Keep
04:46 Farm
04:50 Guard Tower
04:55 Scout Tower
06:01 Guard Tower
07:16 Farm
08:55 Workshop
08:59 Workshop
09:06 Workshop
09:20 Farm
10:12 Castle
11:57 Farm
12:02 Farm
12:49 Farm
13:46 Scout Tower
19:07 Altar of Kings

»
mckaystyles (
red | 17 APM | 181 actions | 10:27)
1 Crypt Lord
1 Carrion Beetles
» actions
| Assign group hotkey | 2 | |
| Build / train | 27 | |
| Enter build submenu | 12 | |
| Enter hero's abilities submenu | 1 | |
| Right click | 54 | |
| Select / deselect | 58 | |
| Select group hotkey | 15 | |
| Use ability | 12 | |
181 total
» units
» upgrades
» buildings
| Ziggurat | 6 | |
| Altar of Darkness | 1 | |
| Crypt | 1 | |
| Halls of the Dead | 1 | |
| Sacrificial Pit | 1 | |
| Graveyard | 1 | |
11 total
» build order
00:12 Ziggurat
00:19 Altar of Darkness
00:39 Crypt
01:44 Ziggurat
02:17 Ziggurat
02:22 Ziggurat
05:16 Halls of the Dead
05:23 Ziggurat
07:47 Sacrificial Pit
07:56 Ziggurat
08:05 Graveyard
team 2 (winner)
SKILLFULLY-DONE (
pink | 64 APM | 2613 actions | 41:02)
5 Blademaster
3 Wind Walk
2 Critical Strike
» actions
| Assign group hotkey | 51 | |
| Basic commands | 236 | |
| Build / train | 67 | |
| Enter build submenu | 24 | |
| Enter hero's abilities submenu | 5 | |
| Give item / drop item | 8 | |
| Remove unit from queue | 1 | |
| Right click | 908 | |
| Select / deselect | 379 | |
| Select group hotkey | 783 | |
| Use ability | 151 | |
2613 total
» units
| Peon | 13 | |
| Grunt | 4 | |
| Wind Rider | 6 | |
| Goblin Shredder | 3 | |
| Troll Batrider | 2 | |
28 total
» upgrades
| Ranged Weapons | 2 | |
| Armor | 1 | |
| Reinforced Defenses | 1 | |
| Envenomed Spears | 1 | |
5 total
» buildings
| Altar of Storms | 1 | |
| Orc Burrow | 6 | |
| Barracks | 1 | |
| Voodoo Lounge | 1 | |
| Stronghold | 4 | |
| War Mill | 1 | |
| Great Hall | 1 | |
| Beastiary | 5 | |
| Watch Tower | 34 | |
| Fortress | 2 | |
56 total
» build order
00:08 Altar of Storms
00:24 Orc Burrow
00:38 Barracks
01:29 Orc Burrow
02:00 Voodoo Lounge
02:55 Stronghold
02:55 Stronghold
03:44 Orc Burrow
04:27 War Mill
04:43 Orc Burrow
05:32 Great Hall
05:54 Beastiary
06:06 Beastiary
08:56 Watch Tower
08:56 Watch Tower
08:57 Watch Tower
09:52 Fortress
09:52 Fortress
10:01 Beastiary
10:17 Watch Tower
10:17 Watch Tower
10:55 Watch Tower
10:55 Watch Tower
10:56 Watch Tower
10:56 Watch Tower
10:57 Watch Tower
10:57 Watch Tower
10:58 Watch Tower
10:58 Watch Tower
10:59 Watch Tower
11:50 Orc Burrow
14:42 Watch Tower
14:43 Watch Tower
14:43 Watch Tower
14:43 Watch Tower
15:53 Watch Tower
15:53 Watch Tower
15:54 Watch Tower
18:43 Watch Tower
18:44 Watch Tower
18:44 Watch Tower
18:44 Watch Tower
18:45 Watch Tower
18:45 Watch Tower
18:46 Watch Tower
20:08 Watch Tower
20:08 Watch Tower
20:08 Watch Tower
20:09 Watch Tower
20:09 Watch Tower
20:10 Watch Tower
20:18 Beastiary
21:25 Beastiary
22:22 Orc Burrow
26:16 Stronghold
26:16 Stronghold
» items
| Healing Salve | 5 | |
| Staff of Teleportation | 2 | |
| Orb of Lightning | 1 | |
| Scroll of Town Portal | 4 | |
| Tiny Great Hall | 1 | |
13 total

»
TheFighter (
green | 36 APM | 1469 actions | 41:01)
3 Archmage
1 Blizzard
1 Brilliance Aura
1 Summon Water Elemental
2 Paladin
1 Holy Light
1 Divine Shield
» actions
| Assign group hotkey | 116 | |
| Basic commands | 8 | |
| Build / train | 58 | |
| Enter build submenu | 30 | |
| Enter hero's abilities submenu | 5 | |
| Right click | 877 | |
| Select / deselect | 290 | |
| Select group hotkey | 29 | |
| Use ability | 56 | |
1469 total
» units
| Peasant | 9 | |
| Flying Machine | 17 | |
| Goblin Shredder | 2 | |
| Knight | 3 | |
31 total
» upgrades
| Lumber Harvesting | 2 | |
| Gunpowder | 3 | |
| Armor | 2 | |
| Flying Machine Bombs | 1 | |
| Flak Cannons | 2 | |
| Animal War Training | 1 | |
| Swords | 1 | |
| Plating | 1 | |
13 total
» buildings
| Altar of Kings | 1 | |
| Farm | 9 | |
| Lumber Mill | 1 | |
| Keep | 1 | |
| Blacksmith | 1 | |
| Castle | 1 | |
| Workshop | 2 | |
| Town Hall | 5 | |
| Scout Tower | 3 | |
| Barracks | 3 | |
| Guard Tower | 1 | |
28 total
» build order
00:25 Altar of Kings
00:36 Farm
01:13 Lumber Mill
02:03 Keep
02:25 Blacksmith
03:50 Farm
04:25 Castle
04:29 Workshop
06:17 Workshop
07:26 Farm
07:34 Farm
08:08 Farm
08:49 Farm
10:15 Town Hall
17:38 Town Hall
18:22 Farm
19:28 Scout Tower
20:02 Scout Tower
20:55 Barracks
21:01 Barracks
22:16 Farm
23:59 Farm
26:50 Barracks
27:03 Town Hall
27:59 Town Hall
30:41 Scout Tower
31:18 Guard Tower
31:37 Town Hall
» items
| Scroll of Town Portal | 1 | |
| Periapt of Vitality | 1 | |
| Scroll of Protection | 1 | |
| Scroll of Speed | 1 | |
4 total

»
Random-TK (
teal | 55 APM | 1766 actions | 32:11)
4 Blademaster
2 Wind Walk
2 Mirror Image
» actions
| Assign group hotkey | 16 | |
| Basic commands | 13 | |
| Build / train | 80 | |
| Enter build submenu | 23 | |
| Enter hero's abilities submenu | 4 | |
| Give item / drop item | 2 | |
| Right click | 960 | |
| Select / deselect | 493 | |
| Select group hotkey | 70 | |
| Use ability | 105 | |
1766 total
» units
| Peon | 24 | |
| Troll Batrider | 24 | |
| Wind Rider | 1 | |
| Raider | 1 | |
50 total
» upgrades
| Ranged Weapons | 2 | |
| Liquid Fire | 1 | |
| Reinforced Defenses | 1 | |
| Ensnare | 1 | |
5 total
» buildings
| Altar of Storms | 1 | |
| Orc Burrow | 4 | |
| War Mill | 1 | |
| Voodoo Lounge | 1 | |
| Stronghold | 2 | |
| Fortress | 2 | |
| Beastiary | 4 | |
| Watch Tower | 4 | |
| Great Hall | 4 | |
23 total
» build order
00:24 Altar of Storms
00:37 Orc Burrow
01:12 War Mill
01:23 Voodoo Lounge
02:11 Orc Burrow
02:58 Stronghold
03:05 Orc Burrow
04:17 Orc Burrow
05:19 Fortress
05:20 Beastiary
05:26 Beastiary
05:28 Beastiary
05:43 Beastiary
11:09 Watch Tower
11:16 Watch Tower
11:23 Watch Tower
11:28 Watch Tower
17:24 Great Hall
19:55 Great Hall
20:02 Great Hall
23:48 Great Hall
» items
| Healing Salve | 1 | |
| Lesser Clarity Potion | 4 | |
| Scroll of Town Portal | 1 | |
| Potion of Healing | 2 | |
| Orb of Lightning | 1 | |
| Staff of Teleportation | 1 | |
10 total

»
bloodmage_arth (
orange | 38 APM | 1001 actions | 26:17)
8 Mountain King
3 Storm Bolt
3 Bash
1 Avatar
1 Thunder Clap
» actions
| Basic commands | 14 | |
| Build / train | 107 | |
| Enter build submenu | 32 | |
| Enter hero's abilities submenu | 8 | |
| Give item / drop item | 3 | |
| Right click | 419 | |
| Select / deselect | 336 | |
| Use ability | 82 | |
1001 total
» units
| Peasant | 15 | |
| Footman | 8 | |
| Knight | 11 | |
| Goblin Shredder | 1 | |
| Priest | 9 | |
| Spell Breaker | 5 | |
49 total
» upgrades
| Lumber Harvesting | 2 | |
| Masonry | 3 | |
| Animal War Training | 1 | |
| Priest Training | 2 | |
| Control Magic | 1 | |
| Swords | 3 | |
| Plating | 3 | |
15 total
» buildings
| Altar of Kings | 1 | |
| Farm | 15 | |
| Barracks | 2 | |
| Arcane Vault | 1 | |
| Keep | 1 | |
| Lumber Mill | 2 | |
| Town Hall | 3 | |
| Guard Tower | 7 | |
| Castle | 1 | |
| Arcane Sanctum | 1 | |
| Blacksmith | 1 | |
| Scout Tower | 6 | |
41 total
» build order
00:54 Altar of Kings
00:58 Farm
01:37 Barracks
02:02 Arcane Vault
02:34 Farm
03:06 Farm
03:57 Farm
04:04 Keep
04:39 Farm
05:02 Lumber Mill
06:14 Town Hall
07:11 Farm
07:28 Guard Tower
08:10 Farm
08:12 Castle
08:18 Guard Tower
08:48 Farm
09:38 Farm
10:24 Arcane Sanctum
10:37 Barracks
10:50 Lumber Mill
10:57 Blacksmith
11:58 Guard Tower
12:11 Farm
14:16 Farm
14:23 Town Hall
15:18 Farm
17:37 Guard Tower
17:41 Farm
18:12 Scout Tower
18:17 Scout Tower
20:27 Farm
20:32 Guard Tower
20:37 Scout Tower
20:40 Scout Tower
21:12 Farm
21:19 Guard Tower
21:24 Scout Tower
21:28 Scout Tower
24:19 Guard Tower
25:29 Town Hall
» items
| Scroll of Regeneration | 6 | |
| Lesser Clarity Potion | 1 | |
| Ivory Tower | 12 | |
| Circlet of Nobility | 1 | |
| Orb of Fire | 1 | |
| Potion of Healing | 2 | |
| Potion of Mana | 1 | |
24 total
Chat log
(00:07 / Allies) Random-TK: stfu
(00:17 / Allies) Random-TK: is the plan
(00:20 / All) SKILLFULLY-DONE: favorite movie with the duke in it?
(00:21 / Allies) SKILLFULLY-DONE: aa
(00:26 / Allies) Random-TK: pink
(00:29 / All) Lionheart: The Searchers
(00:30 / Allies) Random-TK: ur goin agaeinst plan
(00:34 / All) Heat3Peat: none
(00:42 / All) Lionheart: Tall in the Saddle
(00:43 / Allies) SKILLFULLY-DONE: wut plan
(00:45 / All) Lionheart: True Grit
(00:52 / Allies) Random-TK: stfui
(00:52 / All) mckaystyles: YALL RDY TO PRTY?q
(00:56 / Allies) Random-TK: is plan
(01:02 / All) Lionheart: i'm always ready to party
(01:13 / All) mckaystyles: warcraft4rlyfe
(01:24 / All) Lionheart: biggest faggot in this game?
(01:27 / All) mckaystyles: 4lyfe*
(01:27 / All) Lionheart: teal gets my vote LOL
(01:33 / All) Random-TK: some1 mad
(01:34 / All) Lionheart: I played with his nub ass before
(01:46 / Allies) SKILLFULLY-DONE: lets rape yellow
(01:47 / All) Random-TK: mad dat i rape him
(01:47 / All) Lionheart: got fiends and didn't even upgrade web
(02:00 / All) Random-TK: lol makin it up
(02:00 / Allies) TheFighter: u gay?
(02:03 / All) Random-TK: i always get web noob
(02:06 / Allies) SKILLFULLY-DONE: yes
(02:15 / All) Lionheart: I don't lie you didn't get web and got raped by chippo
(02:33 / Allies) SKILLFULLY-DONE: teal be a pal and help me expo
(02:35 / All) Random-TK: mayb thiknin of some1 else
(02:36 / All) Lionheart: everyone point and laugh at teal
(02:45 / All) Random-TK: lol
(02:49 / All) Random-TK: i laugh atur a joke
(02:54 / All) Random-TK: its a good 1
(03:36 / All) Lionheart: teal exposes his newbietude
(03:55 / Allies) SKILLFULLY-DONE: wood plz getting wyverns
(05:48 / Allies) Random-TK: gold if u cna
(05:53 / Allies) Random-TK: for bat
(06:01 / Allies) SKILLFULLY-DONE: wood plz
(06:39 / Allies) Random-TK: wood pls
(06:42 / Allies) Random-TK: glod
(09:10 / All) Lionheart: teal still level 1 LOL
(09:41 / All) Random-TK: rofl
(09:43 / All) Lionheart: bat noobie
(10:27 / Allies) Random-TK: tey all have tower
(11:13 / All) Lionheart: ol
(11:21 / Allies) SKILLFULLY-DONE: wood plz
(11:43 / Allies) Random-TK: gold me
(11:44 / Allies) Random-TK: fuck
(12:48 / Allies) SKILLFULLY-DONE: we have enough aa someone get siege
(12:54 / Allies) Random-TK: can clear hta
(13:27 / Allies) Random-TK: kil
(13:32 / Allies) SKILLFULLY-DONE: too many towers hit blue
(15:32 / Allies) SKILLFULLY-DONE: kill his archmage teal
(18:43 / Allies) Random-TK: naub
(18:44 / Allies) Random-TK: main
(18:45 / Allies) Random-TK: idiot
(18:49 / Allies) Random-TK: hit the main
(18:50 / Allies) Random-TK: noob
(18:55 / Allies) Random-TK: orange
(18:57 / Allies) Random-TK: u fukin noob
(19:24 / Allies) Random-TK: wood me
(19:29 / Allies) Random-TK: i ran out
(19:32 / All) Lionheart: CHEESE IT
(20:04 / All) Heat3Peat: 1 AGAINST 4, CANT DO IT BYMYSELF
(20:20 / Allies) Random-TK: get som mort
(20:23 / Allies) Random-TK: for his tank
(20:51 / All) Random-TK: leav noobs
(20:59 / All) SKILLFULLY-DONE: u suck dick yellow lol
(21:21 / All) Random-TK: nice job idiot
(23:11 / Allies) Random-TK: wood pls
(23:29 / Allies) Random-TK: rofl
(23:30 / Allies) Random-TK: pink tk?
(23:38 / Allies) Random-TK: yep pinks tking lol
(23:53 / Allies) Random-TK: gold pls
(24:18 / Allies) TheFighter: pink wtf
(24:22 / Allies) TheFighter: stop it
(24:23 / Allies) Random-TK: kill this
(24:24 / Allies) Random-TK: ffs
(24:34 / Allies) SKILLFULLY-DONE: its ove rlol
(24:35 / Allies) TheFighter: STOP
(24:50 / Allies) TheFighter: U CUNT
(24:51 / Allies) Random-TK: pink
(24:52 / Allies) Random-TK: wats up ma nigga
(24:58 / Allies) Random-TK: orange
(25:00 / Allies) Random-TK: just mass copter
(25:08 / Allies) Random-TK: u can kill him
(25:14 / Allies) TheFighter: stop it u FUCK
(25:23 / Allies) Random-TK: green
(25:24 / All) SKILLFULLY-DONE: fuck u nigga lol
(25:25 / Allies) Random-TK: use ur gold idiot
(25:28 / Allies) Random-TK: make lots copter
(25:31 / Allies) Random-TK: he cant kil u
(25:34 / Allies) TheFighter: CUNT
(25:58 / All) Lionheart: hid them in the trees LOL
(26:00 / Allies) TheFighter: FUCK PPINK
(26:05 / Allies) bloodmage_arth: ??
(26:08 / Allies) TheFighter: oj fuck pink
(26:12 / All) SKILLFULLY-DONE: fuck u lol
(26:12 / All) Lionheart: did you thinkj you won noob teal?
(26:48 / All) Random-TK: sad life u have
(26:52 / All) Random-TK: playing 2 accts at once
(26:56 / All) SKILLFULLY-DONE: y are u even trying to stop ojs base from dieing u arent gonna win
(26:58 / All) SKILLFULLY-DONE: retard
(27:00 / All) Lionheart: lol!
(27:08 / All) Lionheart: you're briliant
(27:11 / All) Lionheart: brilliant*
(27:12 / All) Random-TK: but true
(27:19 / All) Random-TK: either that or u pink r butt buddies
(27:20 / All) Lionheart: sarcasm
(27:27 / All) Lionheart: how come dragon devour NEVER works
(27:57 / All) SKILLFULLY-DONE: die green
(27:58 / All) SKILLFULLY-DONE: die
(27:59 / Allies) Random-TK: grn
(28:01 / Allies) Random-TK: ur an idiot
(28:01 / All) SKILLFULLY-DONE: dumb noob!!!
(28:07 / All) SKILLFULLY-DONE: teal is calling green an idiot lol
(28:11 / All) Random-TK: it must me hard
(28:15 / All) Random-TK: playin 2 acc at once
(28:20 / All) Lionheart: yeh it is
(28:23 / All) Random-TK: i see dats y u only play with ur bm
(28:26 / All) Lionheart: you don't know the half of it brother
(28:30 / All) Random-TK: fuckin nerd
(28:50 / All) Lionheart: your name calling is uncalled for
(28:56 / All) Random-TK: wat else do u cal lit
(29:05 / All) Random-TK: buying 2 vrsion of game
(29:11 / All) Random-TK: just to do gay shit
(29:13 / All) Random-TK: i pity u
(29:15 / All) Lionheart: I call it entertainment!
(29:20 / All) Random-TK: i call it no life
(29:31 / All) Lionheart: Why it's the exact amount of time you spend
(29:35 / All) Lionheart: I do it concurrently
(29:52 / All) Random-TK: excuse sexcuses
(29:57 / All) Random-TK: no lifers always hav so many
(30:13 / All) Lionheart: Teal can you at least admit that I am much better at this game than you are
(30:25 / All) SKILLFULLY-DONE: u better leave teal or ur bm is gonna die
(30:26 / All) Random-TK: yes using 2 accs to backstab takes skilll
(30:38 / All) Lionheart: ty
(30:49 / All) Random-TK: probly a loser irl
(30:53 / All) Random-TK: this only thing get u off
(31:05 / All) Random-TK: i do pity
(31:18 / All) Lionheart: i eat my lunch with the cool kids thank you very much
(31:23 / All) Random-TK: sure u do
(31:27 / All) Random-TK: the ones in ur head LOL
(31:34 / All) Lionheart: we play magic the gathering and discuss anime
(31:47 / All) Random-TK: well gg no lifer
(31:51 / All) Lionheart: the cool kids that know as much about japanese culture as I do
(32:03 / All) Random-TK: grats on this win
(32:09 / All) Random-TK: loser
(32:16 / All) Lionheart: lalw
(32:37 / All) SKILLFULLY-DONE: and now green
(32:57 / All) SKILLFULLY-DONE: i dislike players like green they never talk all game
(33:02 / All) SKILLFULLY-DONE: they get units everyone else has
(34:26 / All) Lionheart: green you mirin my dragons?
(34:33 / All) SKILLFULLY-DONE: not 1 not 2 but 3 dragons
(34:54 / All) Lionheart: Lord Farsanky is the dragonmaster, all others are pretenders
(35:05 / All) Lionheart: It's hard being humble when you're as great as the Lord Farsanky
(36:10 / All) Lionheart: he really is fighting
(36:40 / All) SKILLFULLY-DONE: he said something but i frogt wut it was
(37:12 / All) SKILLFULLY-DONE: oh he did say some stuff
(37:16 / All) SKILLFULLY-DONE: stop it u cunt
(37:20 / All) SKILLFULLY-DONE: oj fuck up pink
(38:32 / All) SKILLFULLY-DONE: green why did u call me a cunt
(38:34 / All) Lionheart: Green can't you just go you fucking prick?
(38:41 / All) Lionheart: Jeez, have some consideration for our time
(38:47 / All) Lionheart: Selfish punk
(38:53 / All) SKILLFULLY-DONE: i just watched game of thrones and found out prick means ur cock
(38:59 / All) Lionheart: lol
(39:03 / All) Lionheart: you never knew that?
(39:05 / All) SKILLFULLY-DONE: no
(39:11 / All) SKILLFULLY-DONE: i did not
(39:22 / All) Lionheart: do you know that cunt is slang for vagina
(39:28 / All) SKILLFULLY-DONE: i do know that
(39:30 / All) SKILLFULLY-DONE: unsure y
(40:12 / All) SKILLFULLY-DONE: another game where i wish u had these allies
(40:14 / All) SKILLFULLY-DONE: teal was funny
(40:38 / All) SKILLFULLY-DONE: shall i end it last building
(40:42 / All) Lionheart: teal couldn't handle the banter
(40:52 / All) SKILLFULLY-DONE: end it?
(40:54 / All) Lionheart: he was getting upset
(40:57 / All) Lionheart: yeh